 Dungeon Crawl Stone Soup version 0.27.1-35-g4d5d836560 (webtiles) character file.

Game seed: 444255459049346091

258 emme the Chopper (level 5, -3/39 HPs)
             Began as a Demonspawn Gladiator on Mar 16, 2022.
             Slain by a mummy (7 damage)
             ... in an ossuary.
             The game lasted 00:07:44 (3469 turns).

emme the Chopper (Demonspawn Gladiator)             Turns: 3469, Time: 00:07:45

Health: -3/39      AC:  9    Str: 15      XL:     5   Next: 94%
Magic:  14/14      EV: 13    Int:  9      God:
Gold:   133        SH:  0    Dex: 13 (15) Spells: 4/4 levels left

rFire    + . .     SeeInvis .   m - +1 flail (vorpal)
rCold    x . .     Faith    .   (no shield)
rNeg     . . .     Spirit   .   o - +0 ring mail
rPois    .         Reflect  .   c - +0 helmet
rElec    .         Harm     .   (no cloak)
rCorr    .         Rampage  .   u - +2 pair of gloves
Will     .....                  (no boots)
Stlth    +.........             (no amulet)
HPRegen  0.13/turn              f - ring of fire
MPRegen  0.14/turn              p - ring of magical power

@: no status effects
A: repulsion field 1, spiny 1
a: no special abilities


You were in an ossuary.
You visited 1 branch of the dungeon, and saw 5 of its levels.
You also visited: Ossuary.

You collected 133 gold pieces.

Inventory:

Hand Weapons
 a - a +0 war axe
 m - a +1 vorpal flail (weapon)
Missiles
 d - 2 throwing nets (quivered)
Armour
 b - a +0 leather armour
 c - a +0 helmet (worn)
 o - a +0 ring mail (worn)
 u - a +2 pair of gloves (worn)
Jewellery
 f - a ring of fire (left hand)
 p - a ring of magical power (right hand)
Wands
 e - a wand of polymorph (9)
 q - a wand of flame (19)
Scrolls
 g - a scroll of torment {unknown}
 h - 7 scrolls of identify {unknown}
 i - a scroll of amnesia {unknown}
 j - a scroll of teleportation {unknown}
 k - 2 scrolls of noise {unknown}
 l - a scroll of blinking {unknown}
 n - a scroll of acquirement {unknown}
 s - 2 scrolls of enchant armour {unknown}
 t - a scroll of magic mapping {unknown}
Potions
 r - 2 potions of curing


   Skills:
 + Level 2.7 Fighting
 + Level 4.2(4.3) Axes
 + Level 0.7(2.7) Maces & Flails
 + Level 1.8 Throwing
 + Level 2.7 Armour
 + Level 3.3 Dodging
 + Level 0.6 Stealth


You had 4 spell levels left.
You didn't know any spells.
Your spell library was empty.

Dungeon Overview and Level Annotations

Branches:
Dungeon (5/15)            Ossuary (1/1)
 Temple: D:4-7

Altars:

Shops:
D:3 [(


Innate Abilities, Weirdness & Mutations

You are surrounded by a mild repulsion field. (EV +2)
You are partially covered in sharp spines.


Message History

The centaur zombie is struck by your spines.
The centaur zombie hits you but does no damage.
The centaur zombie kicks you but does no damage.
The mummy is struck by your spines. The mummy hits you! The mummy misses you.
Unknown command.
Unknown command.
You hit the centaur zombie.
The centaur zombie is moderately damaged.
The centaur zombie barely misses you. The centaur zombie closely misses you.
The mummy hits you but does no damage. The centaur zombie hits you.
The centaur zombie closely misses you.
You sock the mummy!
You destroy the mummy!
The centaur zombie is struck by your spines.
The centaur zombie misses you.
The centaur zombie kicks you but does no damage.
The mummy is struck by your spines. The mummy hits you!
You feel your intelligence returning.
You hit the mummy but do no damage.
The mummy is lightly damaged.
The centaur zombie is struck by your spines.
The centaur zombie misses you. x2; The centaur zombie barely misses you.
The centaur zombie kicks you but does no damage.
Unknown command.
You barely miss the mummy.
The mummy is lightly damaged.
The centaur zombie is struck by your spines.
The centaur zombie barely misses you. The centaur zombie closely misses you.
The mummy is struck by your spines. The mummy misses you.
The mummy is struck by your spines. The mummy hits you but does no damage.
The centaur zombie hits you but does no damage.
The centaur zombie kicks you but does no damage.
You completely miss the mummy.
The mummy is moderately damaged.
The centaur zombie is struck by your spines.
The centaur zombie hits you but does no damage.
The centaur zombie closely misses you. The mummy hits you!
* * * LOW HITPOINT WARNING * * *
The mummy is struck by your spines. The mummy hits you!
You die...

#####
##...##
#.....#
#.....#
#.....#
#.....#
#..∩M.#
#...M@#
#..∩Z.#
#.....#
#..^..#
#...^.#
#.......
##.....##
.......


You could see 2 mummies and a centaur zombie.

Vanquished Creatures
  2 hounds
  A centaur skeleton (D:3)
  An iguana (D:2)
  A hound skeleton (D:4)
  A mummy (Ossuary)
  A gnoll (D:3)
  5 adders
  4 dart slugs
  3 worms
  An orc (D:3)
  4 endoplasms
  A giant cockroach (D:2)
  5 goblins
  2 hobgoblins
  3 jackals (D:1)
  3 quokkas
  2 ball pythons
  5 bats
  3 hobgoblin zombies (Ossuary)
  8 kobolds
  A rat (D:2)
57 creatures vanquished.

Vanquished Creatures (others)
  5 toadstools (D:1)
5 creatures vanquished.

Grand Total: 62 creatures vanquished

Notes
Turn   | Place    | Note
-------+----------+-------------------------------------------
     0 | D:1      | emme the Demonspawn Gladiator began the quest for the Orb.
     0 | D:1      | Reached XP level 1. HP: 16/16 MP: 1/1
   356 | D:1      | Reached skill level 3 in Axes
   363 | D:1      | Gained mutation: You are partially covered in sharp spines.
                  | [demonic ancestry]
   363 | D:1      | Reached XP level 2. HP: 15/22 MP: 2/2
   900 | D:2      | Reached skill level 1 in Armour
   900 | D:2      | Reached XP level 3. HP: 6/28 MP: 3/3
  1387 | D:2      | Found a faded altar of an unknown god.
  1768 | D:2      | Reached XP level 4. HP: 27/34 MP: 4/4
  2181 | D:3      | Noticed an ogre
  2197 | D:3      | HP: 2/51 [poisoned by an adder]
  2571 | D:3      | Gained mutation: You are surrounded by a mild repulsion
                  | field. (EV +2) [demonic ancestry]
  2571 | D:3      | Reached XP level 5. HP: 39/39 MP: 5/5
  2576 | D:3      | Found Yrheank's Antique Weapon Shoppe.
  2665 | D:3      | Found Asadosk's Antique Armour Shoppe.
  2883 | D:4      | Reached skill level 4 in Axes
  3254 | D:5      | Entered Level 5 of the Dungeon
  3438 | D:5      | Found a sand-covered staircase.
  3445 | Ossuary  | Entered an ossuary
  3469 | Ossuary  | Slain by a mummy

Illustrated notes

Levels and vault maps discovered:
D:1:      ldierk_walled_garden, layout_loops_ring
D:2:      layout_loops_ring, hellmonk_ecumenical_altar_crossroads,
          chequers_serial_rivers_large_b
D:3:      layout_loops_cross, chequers_temple_overflow_minitemple, serial_shops,
          nicolae_shop_trees, nicolae_square_shop, nicolae_shop_statue_plus,
          shop, minmay_randomly_rotated_circles, uniq_robin
D:4:      layout_cave_pools, st_stairs_12
D:5:      layout_loops_ring, nicolae_ossuary_entry_plus, uniq_ijyb
Ossuary:  ossuary_the_hunt_dpeg

Skill      XL: |  1  2  3  4  5 |
---------------+----------------+-----
Axes           | 3 4 |  4.2
Armour         | 1 2 |  2.7
Dodging        | 3 |  3.3
Fighting       | |  2.7
Maces & Flails | |  0.7
Throwing       | |  1.8
Stealth        | |  0.6

Action                   |  1- 3 |  4- 6 || total
-------------------------+-------+-------++-------
Melee: War axe           |    62 |    32 ||    94
       Flail             |       |    25 ||    25
Throw: Throwing net      |     1 |       ||     1
  Use: Potion            |       |     4 ||     4
Armor: Leather armour    |    25 |     1 ||    26
       Skin              |       |    12 ||    12
       Ring mail         |       |    25 ||    25
Dodge: Dodged            |    68 |    59 ||   127
